 Dungeon Crawl Stone Soup version 0.15-a0-2265-gb33f7a6 (webtiles) character file.

13630 MRaven the Cloud Mage (level 11, -2/60 HPs)
             Began as a Deep Elf Air Elementalist on July 26, 2014.
             Was a Priest of Vehumet.
             Killed by the air
             ... invoked by Gastronok
              (42 damage)
             ... on Level 1 of the Lair of Beasts on July 27, 2014.
             The game lasted 02:11:09 (16571 turns).

MRaven the Cloud Mage (Deep Elf Air Elementalist)  Turns: 16571, Time: 02:11:09

HP  -2/60        AC 16     Str  5      XL: 11   Next: 78%
MP   8/31        EV 15     Int 24      God: Vehumet [***...]
Gold 916         SH  4     Dex 15      Spells:  8 memorised,  2 levels left

rFire  . . .     SeeInvis +     A - +6 flail (protect)
rCold  . . .     Clarity  .     j - +2 leather armour {rPois}
rNeg   . . .     rCorr    .     N - +1 buckler {AC+3}
rPois  +         rRot     .     t - +0 helmet
rElec  .         Spirit   .     (no cloak)
SustAb .         Warding  .     i - +1 pair of gloves
rMut   .         Stasis   .     (no boots)
Gourm  .                        (no amulet)
MR     +....                    u - +1 ring of evasion
                                k - ring of see invisible

@: slowed, repel missiles, very slow, somewhat resistant to hostile
enchantments, unstealthy
A: no striking features
a: Renounce Religion


You were on level 1 of the Lair of Beasts.
You worshipped Vehumet.
Vehumet was most pleased with you.
You were hungry.

You visited 3 branches of the dungeon, and saw 12 of its levels.

You collected 916 gold pieces.

Inventory:

Hand weapons
 r - the +11 long sword "Cywi" {slice, +Blink MR+}
   (You found it on level 1 of the Lair of Beasts)

   It inflicts extra damage upon your enemies.
   It affects your resistance to hostile enchantments.
   It lets you blink.
 A - a +6 flail of protection (weapon)
Missiles
 n - 11 tomahawks (quivered)
Armour
 i - a +1 pair of gloves (worn)
 j - a +2 leather armour of poison resistance (worn)
 q - a +2 robe of positive energy
 t - a +0 helmet (worn)
 H - a +2 robe of cold resistance
 I - a +1 robe of cold resistance
 N - a +1 buckler of protection (worn)
Magical devices
 g - a wand of draining (0)
 w - a wand of fire (8)
 B - a wand of fire (7)
Comestibles
 c - 6 bread rations
 p - 4 meat rations
 s - a chunk of human flesh
 C - a rotting chunk of sheep flesh
 O - a royal jelly
Scrolls
 a - 4 scrolls of fear
 h - 3 scrolls of identify
 v - 3 scrolls of enchant armour
 x - 5 scrolls of teleportation
 y - a scroll of remove curse
 G - 3 scrolls of recharging
 J - 2 scrolls of fog
 M - 2 scrolls of blinking
Jewellery
 k - a ring of see invisible (left hand)
 u - a +1 ring of evasion (right hand)
Potions
 d - 4 potions of brilliance
 e - 3 potions of agility
 f - 2 potions of restore abilities
 l - 2 potions of heal wounds
 m - a potion of flight
 o - 9 potions of curing
 z - 2 potions of might {unknown}
 L - a potion of berserk rage {unknown}
Books
 b - a book of Air

   Spells                             Type                      Level
   *Shock                             Conjuration/Air              1
   *Swiftness                         Charms/Air                   2
   *Repel Missiles                    Charms/Air                   2
   *Flight                            Charms/Air                   3
   *Static Discharge                  Conjuration/Air              3
   *Lightning Bolt                    Conjuration/Air              5
 D - a book of Power

   Spells                             Type                      Level
   Fulminant Prism                    Conjuration/Hexes            4
   Iskenderun's Mystic Blast          Conjuration                  4
   *Venom Bolt                        Conjuration/Poison           5
   Bolt of Magma                      Conjuration/Fire/Earth       5
   Iron Shot                          Conjuration/Earth            6
   Orb of Destruction                 Conjuration                  7
 F - a book of Debilitation

   Spells                             Type                      Level
   Corona                             Hexes                        1
   Slow                               Hexes                        2
   Inner Flame                        Hexes/Fire                   3
   Enslavement                        Hexes                        4
   Cause Fear                         Hexes                        4
   Leda's Liquefaction                Hexes/Earth                  4
 P - a book of Death

   Spells                             Type                      Level
   Corpse Rot                         Necromancy                   2
   Sublimation of Blood               Necromancy                   2
   Agony                              Necromancy                   5
   Dispel Undead                      Necromancy                   5
   Excruciating Wounds                Charms/Necromancy            5
   Bolt of Draining                   Conjuration/Necromancy       5


   Skills:
 - Level 3.4 Fighting
 + Level 9.0 Dodging
 - Level 2.4 Stealth
 + Level 8.4 Spellcasting
 * Level 10.4 Conjurations
 - Level 5.0 Charms
 + Level 11.2 Air Magic
 * Level 6.8 Poison Magic


You had 2 spell levels left.
You knew the following spells:

 Your Spells              Type           Power        Failure   Level  Hunger
a - Shock                 Conj/Air       ####         1%          1    None
b - Repel Missiles        Chrm/Air       #####.       1%          2    None
c - Swiftness             Chrm/Air       #####...     1%          2    None
d - Static Discharge      Conj/Air       ######..     1%          3    None
e - Lightning Bolt        Conj/Air       ######....   1%          5    ####...
f - Flight                Chrm/Air       #####.....   1%          3    None
g - Venom Bolt            Conj/Pois      ######....   4%          5    ####...
h - Mephitic Cloud        Conj/Pois/Air  ######..     1%          3    None


Dungeon Overview and Level Annotations

Branches:
Dungeon (10/15)            Temple (1/1) D:7             Orc (0/4) D:9
   Lair (1/8) D:10

Altars:
Ashenzari
Cheibriados
Dithmenos
Elyvilon
Fedhas
Gozag
Kikubaaqudgha
Makhleb
Nemelex Xobeh
Okawaru
Qazlal
Sif Muna
Trog
Vehumet
Xom
Yredelemnul
Zin
The Shining One

Shops:
D:8 :

Annotations:
D:9 exclusion: electric eel
Lair:1 Gastronok


Message History

Gastronok gurgles, "Slow down, so I can eat you."
Gastronok bubbles merrily.
Casting: Shock
Confirm with . or Enter, or press ? or * to list all spells.
Aiming: Shock
Press: ? - help, Shift-Dir - straight line, f/p - Gastronok
Aim: Gastronok wearing a glowing hat (heavily wounded)
The zap hits Gastronok.
Gastronok is heavily wounded.
Casting: Shock
Confirm with . or Enter, or press ? or * to list all spells.
Aiming: Shock
Press: ? - help, Shift-Dir - straight line, f/p - Gastronok
Aim: Gastronok wearing a glowing hat (heavily wounded)
The zap hits Gastronok.
Gastronok appears unharmed.
Gastronok is heavily wounded.
Gastronok waves his eye-stalks in wide circles.
The air twists around and strikes you!
Ouch! That really hurt!
You die...

#...####..##.#.##.#. #...#
..###..##...
###...####....#..##.#⌠
#[...w.........#.####|
##............##.# ###
#............# . #.#
####.......(....# #.#
#####)##%...........##.###..
#.......%..@................
##.≈≈≈≈≈.....................
#P.≈#≈#≈.............##.###..
##.≈###≈.............##.###..
#..≈###≈..###...#.####..#.#..
##.≈≈≈≈≈.....................
#.......#..P.[.P.#P##....###
###.....##.#...######....##
#P....###.....######.....#


You could see Gastronok.

Vanquished Creatures
  A hydra (Lair:1)
  Erica (Lair:1)
  Pikel (D:7)
  2 hill giants
  A cyclops (D:10)
  Joseph (Lair:1)
  A spiny frog (Lair:1)
  2 komodo dragons
  A wandering mushroom (D:9)
  4 blink frogs (Lair:1)
  A spriggan (D:9)
  6 yaks
  3 hill giant zombies
  3 hungry ghosts
  Edmund (D:7)
  5 water moccasins (Lair:1)
  A swamp drake (D:10)
  3 porcupines (Lair:1)
  4 black bears
  A necrophage (D:8)
  5 ice beasts
  4 sky beasts
  2 ogres
  4 phantoms
  4 centaurs
  A manticore skeleton (D:9)
  Duvessa (D:9)
  3 crocodiles (Lair:1)
  A big kobold (D:10)
  7 giant frogs
  A gnoll sergeant (D:10)
  7 killer bees
  An eye of draining (D:9)
  3 scorpions
  A yak skeleton (D:10)
  3 wights (D:6)
  A troll skeleton (D:10)
  3 crimson imps
  Dowan (D:9)
  2 goliath beetles (D:9)
  4 orc priests
  5 hounds
  A giant frog skeleton (D:6)
  A jelly (D:9)
  11 iguanas
  3 orc wizards
  7 sheep (Lair:1)
  5 worker ants
  A crocodile zombie (D:8)
  Jessica (D:3)
  5 ogre zombies (D:9)
  2 hound skeletons (D:9)
  17 adders
  6 gnolls
  A steam dragon skeleton (D:6)
  A swamp drake zombie (D:10)
  A green rat (Lair:1)
  4 shadow imps
  4 worms
  2 giant mites
  8 giant geckos
  An ooze (D:3)
  34 orcs
  17 bats
  A bat skeleton (D:7)
  15 hobgoblins
  7 jackals
  17 kobolds
  3 quokkas
  8 giant cockroaches
  A giant cockroach zombie (D:5)
  A giant gecko zombie (D:10)
  4 giant newts
  A giant spore (D:9)
  14 goblins
  4 goblin skeletons
  5 goblin zombies (D:9)
  4 orc skeletons
  9 orc zombies (D:9)
  15 rats
  A rat skeleton (D:3)
  A rat zombie (D:6)
  A ballistomycete (D:9)
352 creatures vanquished.

Vanquished Creatures (collateral kills)
  A yak (Lair:1)
1 creature vanquished.

Vanquished Creatures (others)
  A centaur (Lair:1)
  An orc priest (D:7)
  An orc wizard (Lair:1)
  4 orcs (D:7)
7 creatures vanquished.

Grand Total: 360 creatures vanquished

Notes
Turn   | Place    | Note
--------------------------------------------------------------
     0 | D:1      | MRaven, the Deep Elf Air Elementalist, began the quest for the Orb.
     0 | D:1      | Reached XP level 1. HP: 10/10 MP: 5/5
   532 | D:1      | Reached XP level 2. HP: 12/15 MP: 6/8
   814 | D:1      | Learned a level 2 spell: Repel Missiles
   818 | D:1      | Learned a level 2 spell: Swiftness
  1072 | D:2      | Reached XP level 3. HP: 13/19 MP: 2/10
  1324 | D:2      | Reached skill level 4 in Air Magic
  1324 | D:2      | Reached XP level 4. HP: 24/24 MP: 5/13
  1746 | D:2      | Learned a level 3 spell: Static Discharge
  2263 | D:3      | Reached XP level 5. HP: 28/28 MP: 8/16
  2383 | D:3      | Noticed Jessica
  2385 | D:3      | Killed Jessica
  2884 | D:3      | Noticed a phantom
  2904 | D:3      | Killed a phantom
  2904 | D:3      | Reached skill level 5 in Air Magic
  2904 | D:3      | Reached XP level 6. HP: 17/32 MP: 3/20
  3675 | D:4      | Reached skill level 5 in Spellcasting
  4163 | D:4      | Reached XP level 7. HP: 36/36 MP: 16/22
  4535 | D:4      | Reached skill level 6 in Air Magic
  4603 | D:4      | Reached skill level 5 in Conjurations
  4850 | D:5      | Entered Level 5 of the Dungeon
  4905 | D:5      | Learned a level 5 spell: Lightning Bolt
  4909 | D:5      | Learned a level 3 spell: Flight
  5004 | D:5      | Reached skill level 1 in Charms
  5364 | D:5      | Reached skill level 7 in Air Magic
  5485 | D:5      | Reached XP level 8. HP: 36/41 MP: 7/25
  5991 | D:6      | Noticed a hill giant
  6013 | D:6      | Killed a hill giant
  6013 | D:6      | Reached skill level 8 in Air Magic
  6564 | D:6      | Reached skill level 5 in Charms
  6791 | D:6      | Reached XP level 9. HP: 45/45 MP: 23/26
  7153 | D:7      | Found a staircase to the Ecumenical Temple.
  7288 | D:7      | Noticed Edmund
  7295 | D:7      | Killed Edmund
  7648 | D:7      | Noticed Pikel
  7650 | D:7      | Killed Pikel
  7650 | D:7      | Reached skill level 1 in Fighting
  7650 | D:7      | Reached skill level 5 in Dodging
  7650 | D:7      | Reached skill level 9 in Air Magic
  9342 | D:8      | Found Plog's Book Emporium.
  9744 | D:8      | Reached skill level 10 in Air Magic
  9744 | D:8      | Reached XP level 10. HP: 54/54 MP: 7/27
 10096 | Temple   | Entered the Ecumenical Temple
 10196 | Temple   | Became a worshipper of Vehumet
 10832 | D:9      | Acquired Vehumet's first power
 10832 | D:9      | Offered knowledge of Sandblast by Vehumet.
 11530 | D:9      | Learned a level 5 spell: Venom Bolt
 11703 | D:9      | Found a staircase to the Orcish Mines.
 11748 | D:9      | Reached skill level 1 in Poison Magic
 11762 | D:9      | Noticed Duvessa
 11767 | D:9      | Noticed Dowan
 11770 | D:9      | Killed Dowan
 11775 | D:9      | Killed Duvessa
 12439 | D:9      | Offered knowledge of Searing Ray by Vehumet.
 12593 | D:9      | Noticed a hill giant
 12600 | D:9      | Killed a hill giant
 13477 | D:10     | Entered Level 10 of the Dungeon
 13533 | D:10     | Found a stormy altar of Qazlal.
 13538 | D:10     | Noticed a cyclops
 13805 | D:10     | Killed a cyclops
 13912 | D:10     | Reached XP level 11. HP: 55/60 MP: 21/30
 14890 | D:10     | Found a staircase to the Lair.
 14918 | D:10     | Offered knowledge of Conjure Flame by Vehumet.
 15157 | Lair:1   | Entered Level 1 of the Lair of Beasts
 15177 | Lair:1   | Reached skill level 5 in Poison Magic
 15408 | Lair:1   | Acquired Vehumet's second power
 15446 | Lair:1   | Noticed Joseph
 15464 | Lair:1   | Killed Joseph
 15593 | Lair:1   | Got a blackened long sword
 15594 | Lair:1   | Identified the +11 long sword "Cywi" {slice, +Blink MR+} (You found it on level 1 of the Lair of Beasts)
 15634 | Lair:1   | Reached skill level 11 in Air Magic
 15879 | Lair:1   | Upgraded the game from 0.15-a0-2246-gfd41422 to 0.15-a0-2265-gb33f7a6
 15887 | Lair:1   | Offered knowledge of Mephitic Cloud by Vehumet.
 15892 | Lair:1   | Learned a level 3 spell: Mephitic Cloud
 15912 | Lair:1   | Noticed a five-headed hydra
 15920 | Lair:1   | Killed a five-headed hydra
 15920 | Lair:1   | Reached skill level 10 in Conjurations
 16408 | Lair:1   | Noticed Erica
 16432 | Lair:1   | Killed Erica
 16545 | Lair:1   | Noticed Gastronok
 16571 | Lair:1   | Killed from afar by Gastronok

Action                   |  1- 3 |  4- 6 |  7- 9 | 10-12 || total
-------------------------+-------+-------+-------+-------++-------
Melee: Unarmed           |     9 |       |       |       ||     9
       Spear             |    12 |     2 |       |       ||    14
       Flail             |       |    17 |    32 |    75 ||   124
       Long sword        |       |       |       |     1 ||     1
 Cast: Shock             |    53 |   179 |   236 |   417 ||   885
       Repel Missiles    |     1 |       |       |       ||     1
       Static Discharge  |       |     2 |    52 |    85 ||   139
       Swiftness         |       |     1 |       |     1 ||     2
       Lightning Bolt    |       |       |    11 |    39 ||    50
       Venom Bolt        |       |       |       |     5 ||     5
       Mephitic Cloud    |       |       |       |     2 ||     2
 Abil: Evoke Blink       |       |       |       |     1 ||     1
Evoke: Wand              |       |       |       |     3 ||     3
  Use: Scroll            |     5 |     8 |     7 |     9 ||    29
       Potion            |     2 |       |     7 |     1 ||    10
 Stab: Sleeping          |       |       |       |     1 ||     1
  Eat: Chunk             |     1 |     9 |    12 |    13 ||    35
       Pizza             |       |       |     2 |     1 ||     3
       Fruit             |       |       |     3 |       ||     3
       Bread ration      |       |       |     1 |     3 ||     4
